 Dungeon Crawl Stone Soup version 0.28-a0-1199-gef9e1dbd39 (webtiles) character file.

Game seed: 9145620497318684112

220 fragbeetle the Poker (level 5, -4/42 HPs)
             Began as a Merfolk Gladiator on Dec 19, 2021.
             Was an Initiate of Okawaru.
             Slain by a gnoll (9 damage)
             ... on level 3 of the Dungeon.
             The game lasted 00:07:01 (3240 turns).

fragbeetle the Poker (Merfolk Gladiator)            Turns: 3240, Time: 00:07:01

Health: -4/42      AC:  7    Str: 17    XL:     5   Next: 97%
Magic:  5/5        EV: 11    Int:  7    God:    Okawaru [......]
Gold:   163        SH:  0    Dex: 15    Spells: 4/4 levels left

rFire   + . .      SeeInvis .   a - +0 trident
rCold   . . .      Faith    .   (no shield)
rNeg    + . .      Spirit   .   o - +0 scale mail {rN+}
rPois   .          Reflect  .   c - +0 helmet
rElec   .          Harm     .   (no cloak)
rCorr   .          Rampage  .   (no gloves)
Will    .....                   (no boots)
Stlth   ..........              (no amulet)
HPRegen 0.14/turn               k - ring of protection from fire
MPRegen 0.09/turn               (no ring)

@: no status effects
A: (nimble swimmer 2), mertail
a: Renounce Religion


You were on level 3 of the Dungeon.
You worshipped Okawaru.
Okawaru was noncommittal.
You visited 1 branch of the dungeon, and saw 3 of its levels.

You collected 163 gold pieces.

Inventory:

Hand Weapons
 a - a +0 trident (weapon)
Missiles
 d - 3 throwing nets (quivered)
 q - 5 poisoned darts
Armour
 b - a +0 leather armour
 c - a +0 helmet (worn)
 l - a +0 ring mail
 o - a +0 scale mail of positive energy (worn)
Jewellery
 j - a ring of magical power
 k - a ring of protection from fire (left hand)
Wands
 g - a wand of acid (8)
Scrolls
 e - a scroll of brand weapon {unknown}
 f - a scroll of enchant armour {unknown}
 h - 3 scrolls of identify {unknown}
 i - a scroll of teleportation {unknown}
 m - a scroll of fog {unknown}
Potions
 n - a potion of lignification {unknown}
 p - a potion of cancellation {unknown}


   Skills:
 + Level 3.7 Fighting
 + Level 5.9 Polearms
 - Level 2.0 Throwing
 + Level 1.8 Armour
 + Level 5.4 Dodging


You had 4 spell levels left.
You didn't know any spells.
Your spell library was empty.

Dungeon Overview and Level Annotations

Branches:
Dungeon (3/15)

Altars:
Okawaru
Qazlal

Shops:
D:2 =

Annotations:
D:2 1 runed translucent door, Crazy Yiuf


Innate Abilities, Weirdness & Mutations

((You are quick and stealthy near water. (Stealth+, EV+, Speed+++)))
Your lower body shifts to a powerful aquatic tail in water.


Message History

The frilled lizard hisses angrily.
The frilled lizard bites you but does no damage.
You hit the frilled lizard.
You kill the frilled lizard!
Okawaru accepts your kill.
A gnoll comes into view. It is wielding a +0 spear.
A gnoll comes into view. It is wielding a +0 halberd.
The gnoll shouts!
The gnoll moves out of view.
The gnoll hits you with a +0 spear.
You closely miss the gnoll. The gnoll closely misses you.
You barely miss the gnoll. The gnoll closely misses you.
You closely miss the gnoll. The gnoll hits you with a +0 spear!
You puncture the gnoll!
The gnoll is severely wounded.
The gnoll hits you with a +0 spear. The gnoll barely misses you.
You puncture the gnoll!
You kill the gnoll!
Okawaru accepts your kill.
A gnoll comes into view. It is wielding a +0 halberd.
The gnoll barely misses you.
The gnoll shouts!
The gnoll closely misses you.
You see here a +0 spear.
You hit the gnoll but do no damage. You hit the gnoll.
The gnoll is moderately wounded.
The gnoll misses you.
You hit the gnoll.
The gnoll is severely wounded.
The gnoll hits you with a +0 halberd. The gnoll misses you.
You puncture the gnoll!
You kill the gnoll!
Okawaru accepts your kill.
The gnoll hits you from afar with a +0 halberd.
The gnoll hits you from afar with a +0 halberd.
The gnoll hits you with a +0 halberd!
* * * LOW HITPOINT WARNING * * *
You hit the gnoll but do no damage. The gnoll hits you with a +0 halberd!
You die...

....# #.###.# #.............
....# #.....# #.............
....# ####### #.............
....# ######## #.....).......
###.#####......#####....†#.#.....
#>....................##.##....
#...###......###..#.#..###.....
#...###....).##..##.##..#......
#...........)g@...###((###.....
#...###......###..##..##.##.###
#...# #......# #..###..#.#..#
#...# #......# #.##.##)....##
#..)# #......# #..#.#.†#.######
#...# #......# ##.....##.......
###...###.(....# #####..........
.†..........#### ####...[.##
........g...# #.....#.


You could see a gnoll.

Vanquished Creatures
  Terence (D:3)
  Robin (D:2)
  5 gnolls
  3 adders
  6 dart slugs
  5 endoplasms
  4 giant cockroaches
  19 goblins
  9 hobgoblins
  4 jackals
  6 kobolds
  6 quokkas
  8 ball pythons
  9 bats
  5 frilled lizards
  2 rats (D:1)
93 creatures vanquished.

Notes
Turn   | Place    | Note
-------+----------+-------------------------------------------
     0 | D:1      | fragbeetle the Merfolk Gladiator began the quest for the
                  | Orb.
     0 | D:1      | Reached XP level 1. HP: 16/16 MP: 1/1
   211 | D:1      | Reached XP level 2. HP: 23/23 MP: 2/2
   651 | D:1      | Reached XP level 3. HP: 28/28 MP: 3/3
   884 | D:1      | Reached skill level 1 in Armour
  1105 | D:1      | Reached skill level 5 in Polearms
  1379 | D:1      | You fall into a shaft and drop 1 floor!
  1379 | D:2      | Found an iron altar of Okawaru.
  1383 | D:2      | Became a worshipper of Warmaster Okawaru
  1412 | D:2      | Reached XP level 4. HP: 35/35 MP: 4/4
  1453 | D:2      | Noticed Robin
  1608 | D:2      | Found a faded altar of an unknown god.
  1614 | D:2      | Killed Robin
  1851 | D:2      | Reached skill level 5 in Dodging
  1854 | D:2      | Reached XP level 5. HP: 41/41 MP: 5/5
  1876 | D:2      | Found Inieso's Jewellery Emporium.
  2520 | D:2      | Found a runed translucent door.
  2521 | D:2      | Noticed Crazy Yiuf
  2624 | D:3      | Noticed Terence
  2631 | D:3      | Killed Terence
  2650 | D:3      | Found a stormy altar of Qazlal.
  3240 | D:3      | Slain by a gnoll

Illustrated notes

Levels and vault maps discovered:
D:1:      lemuel_arrival_room, layout_loops_ring
D:2:      layout_loops_cross, serial_shops, nicolae_shop_stone,
          nicolae_ecumenical_snake_handling, basic_altar,
          uniq_crazy_yiuf_cottage, uniq_robin
D:3:      layout_basic, mainiacjoe_overflow_24_doors,
          nemelex_spade_bored_becter, minmay_crystal_water, minmay_between,
          uniq_terence

Skill      XL: |  1  2  3  4 |
---------------+-------------+-----
Armour         | 1 |  1.8
Polearms       | 5 |  5.9
Fighting       | 3 |  3.7
Dodging        | 5 |  5.4
Throwing       | |  2.0

Action                   |  1- 3 |  4- 6 || total
-------------------------+-------+-------++-------
Melee: Trident           |   140 |   186 ||   326
  Use: Potion            |       |     1 ||     1
Armor: Leather armour    |    54 |     6 ||    60
       Ring mail         |       |    31 ||    31
       Scale mail        |       |    12 ||    12
Dodge: Dodged            |   115 |   109 ||   224

Table legend: (Time is in decaauts)
 A = Elapsed time spent in this place.
 B = Non-inter-level travel time spent in this place.
 C = Inter-level travel time spent in this place.
 D = Time resting spent in this place.
 E = Time spent auto-exploring this place.
 F = Levels seen in this place.
 G = Mean time per level.
                   A        B        C        D        E       F      G
               +--------+--------+--------+--------+--------+-----+--------+
         Total |   3248 |   3225 |     23 |    331 |   2039 |   3 | 1082.7 |
       Dungeon |   3248 |   3225 |     23 |    331 |   2039 |   3 | 1082.7 |
               +--------+--------+--------+--------+--------+-----+--------+

Top non-repeatable levels by time:
     D:1: 1386 daAuts
     D:2: 1174 daAuts
     D:3: 687 daAuts
